[Event "Your Next Move GCT 2017-Blitz"]
[Site "Leuven"]
[Date "2017.07.01"]
[Round "3"]
[White "Vachier Lagrave, Maxime"]
[Black "Carlsen, Magnus"]
[Result "0-1"]
[ECO "C67"]
[WhiteElo "2890"]
[BlackElo "2899"]
[Annotator ""]
[PlyCount "120"]
[EventDate "2017.??.??"]
[EventType "blitz"]
[EventCountry "BEL"]
[SourceTitle "playchess.com"]
[Source "ChessBase"]
[SourceQuality "1"]
[TimeControl "300+3"]

1. e4 {()} e5 {(3)} 2. Nf3 {(3)} Nc6 {
(3)} 3. Bb5 {(3)} Nf6 {(3)} 4. O-O {(
03)} Nxe4 {(3)} 5. d4 {(4)} Be7 {(3)} 6.
Re1 {(3)} Nd6 {(3)} 7. Bxc6 {(3)} dxc6 {
(3)} 8. dxe5 {(4)} Nf5 {(3)} 9. Qxd8+ {
(57)} Bxd8 {(3)} 10. Bg5 {(3)} Bxg5 {(
19)} 11. Nxg5 {(3)} Nd4 {(3)} 12. Na3 {(3)}
h6 {(3)} 13. Ne4 {(12)} Bf5 {(3)} 14. c3 {
(14)} Ne6 {(3)} 15. Rad1 {(3)} Ke7 {(
04)} 16. Ng3 {(23)} Bh7 {(5)} 17. Nc4 {(3)}
Rad8 {(15)} 18. Na5 {(13)} Rxd1 {(9)} 19. Rxd1 {
(3)} Rb8 {(3)} 20. Ne2 {(23)} c5 {(
18)} 21. f3 {(7)} Rd8 {(1:02)} 22. Rxd8 {(3)}
Nxd8 {(3)} 23. Kf2 {(26)} Bb1 {(17)} 24. a3 {
(3)} Ke6 {(37)} 25. Nc4 {(3)} g5 {(
08)} 26. Ke3 {(12)} Nc6 {(26)} 27. f4 {(3)} Ba2
{(50)} 28. Nd2 {(3)} Bd5 {(3)} 29. g3 {(
51)} b6 {(4)} 30. Ne4 {(23)} Ne7 {(12)} 31.
g4 {(15)} Bc6 {(31)} 32. fxg5 {(9)} Kxe5 {
(3)} 33. N2g3 {(3)} Nd5+ {(3)} 34. Kd2 {
(14)} Nf4 {(3)} 35. Ke3 {(9)} Ng2+ {(
03)} 36. Kd3 {(9)} Bxe4+ {(8)} 37. Nxe4 {(3)}
c4+ {(3)} 38. Kxc4 {(3)} Kxe4 {(3)} 39. gxh6 {
(3)} Nf4 {(3)} 40. h4 {(24)} Ng6 {(
03)} 41. h5 {(3)} Nf8 {(4)} 42. g5 {(3)} c6 {
(3)} 43. b4 {(5)} Kf5 {(3)} 44. g6 {(
03)} fxg6 {(3)} 45. hxg6 {(3)} Nxg6 {(9)}
46. b5 {(3)} Ne5+ {(5)} 47. Kd4 {(4)} Ke6 {
(6)} 48. bxc6 {(5)} Nxc6+ {(3)} 49. Kc4 {
(3)} a6 {(3)} 50. h7 {(3)} Ne5+ {(
03)} 51. Kd4 {(3)} Nf7 {(3)} 52. a4 {(3)} Kd6
{(3)} 53. c4 {(3)} a5 {(3)} 54. Kd3 {(
03)} Kc5 {(4)} 55. Kc3 {(3)} Nh8 {(3)} 56.
Kd3 {(3)} Kb4 {(3)} 57. Kd4 {(3)} Kxa4 {
(3)} 58. Ke5 {(3)} Kb3 {(3)} 59. Kf6 {(
03)} a4 {(3)} 60. Kg7 {(3)} a3 {(3)} 0-1

[Event "Your Next Move GCT 2017-Blitz"]
[Site "Leuven"]
[Date "2017.07.01"]
[Round "4"]
[White "Anand, Viswanathan"]
[Black "Kramnik, Vladimir"]
[Result "1/2-1/2"]
[ECO "C67"]
[WhiteElo "2766"]
[BlackElo "2760"]
[Annotator ""]
[PlyCount "139"]
[EventDate "2017.??.??"]
[EventType "blitz"]
[EventCountry "BEL"]
[SourceTitle "playchess.com"]
[Source "ChessBase"]
[SourceQuality "1"]
[TimeControl "300+3"]

1. e4 {()} e5 {(3)} 2. Nf3 {(3)} Nc6 {
(3)} 3. Bb5 {(3)} Nf6 {(3)} 4. O-O {(
03)} Nxe4 {(3)} 5. Re1 {(3)} Nd6 {(3)} 6.
Nxe5 {(3)} Be7 {(3)} 7. Bf1 {(3)} Nxe5 {
(3)} 8. Rxe5 {(3)} O-O {(3)} 9. d4 {(
03)} Bf6 {(3)} 10. Re1 {(3)} Nf5 {(6)} 11.
d5 {(11)} d6 {(11)} 12. Nd2 {(3)} Re8 {(
09)} 13. Ne4 {(6)} Bd7 {(24)} 14. c3 {(9)}
h6 {(38)} 15. Bd3 {(48)} Nh4 {(27)} 16. g3 {
(26)} Ng6 {(3)} 17. f4 {(3)} c6 {(10]
} 18. Be3 {(23)} Be7 {(3)} 19. Bc4 {(22)} Bf8 {
(4)} 20. Bf2 {(3)} b5 {(13)} 21. dxc6 {(
22)} bxc4 {(12)} 22. cxd7 {(4)} Qxd7 {(3)}
23. Qd5 {(6)} Rab8 {(7)} 24. b4 {(17)} Qg4 {
(1:10)} 25. Qd1 {(1:00)} Qf5 {(3)} 26. Qd4 {(
08)} a5 {(26)} 27. a3 {(18)} Re6 {(3)} 28.
Nd2 {(6)} axb4 {(12)} 29. axb4 {(3)} d5 {
(17)} 30. Nf1 {(7)} Ne7 {(31)} 31. Ne3 {(
05)} Qe4 {(9)} 32. Qxe4 {(7)} Rxe4 {(3)}
33. Nc2 {(3)} g5 {(8)} 34. fxg5 {(5)} hxg5 {
(3)} 35. Rxe4 {(7)} dxe4 {(3)} 36. Ra5 {
(3)} f5 {(7)} 37. Nd4 {(24)} Rd8 {(
03)} 38. Nxf5 {(5)} Rd1+ {(3)} 39. Kg2 {(3)}
Rd2 {(7)} 40. Ne3 {(11)} Bg7 {(3)} 41. Rxg5 {
(3)} Kf7 {(3)} 42. Nxc4 {(3)} Rc2 {(
03)} 43. Nd6+ {(3)} Kf8 {(10)} 44. Nxe4 {(3)}
Bh6 {(3)} 45. Re5 {(13)} Kf7 {(3)} 46. Kf3 {
(3)} Ng6 {(3)} 47. Rf5+ {(3)} Ke8 {(
07)} 48. h4 {(3)} Bg7 {(3)} 49. Bd4 {(3)} Ne7
{(3)} 50. Rc5 {(3)} Bxd4 51. cxd4 {(3)} Rb2 {
(6)} 52. d5 {(3)} Nf5 {(3)} 53. d6 {(
03)} Nd4+ {(3)} 54. Ke3 {(3)} Rxb4 {(3)}
55. Nf6+ {(3)} Kf7 {(3)} 56. Nd5 {(3)} Ra4 {
(3)} 57. Nb6 {(3)} Rb4 {(3)} 58. Nc4 {(
03)} Ne6 {(3)} 59. Rf5+ {(3)} Ke8 {(3)} 60.
Ne5 {(3)} Rb3+ {(3)} 61. Ke4 {(3)} Rxg3 {
(3)} 62. Rf6 {(3)} Nc5+ {(3)} 63. Kd5 {
(3)} Nd7 {(3)} 64. Re6+ Kd8 65. Nc6+ {(6)} Kc8
{(6)} 66. Re8+ Kb7 67. Ne5 {(6)} Nf6+ {(6)}
68. Kd4 {(3)} Nxe8 {(3)} 69. d7 Nc7 70. d8=N+ {(
06)} 1/2-1/2

[Event "Your Next Move GCT 2017-Blitz"]
[Site "Leuven"]
[Date "2017.07.01"]
[Round "4"]
[White "Carlsen, Magnus"]
[Black "Ivanchuk, Vassily"]
[Result "1-0"]
[ECO "A45"]
[WhiteElo "2899"]
[BlackElo "2768"]
[Annotator ""]
[PlyCount "43"]
[EventDate "2017.??.??"]
[EventType "blitz"]
[EventCountry "BEL"]
[SourceTitle "playchess.com"]
[Source "ChessBase"]
[SourceQuality "1"]
[TimeControl "300+3"]

1. d4 {()} Nf6 {(3)} 2. Bf4 {(3)} c5 {
(4)} 3. d5 {(3)} b5 {(3)} 4. c4 {(
10)} g6 {(11)} 5. cxb5 {(26)} a6 {(5)} 6. e3 {
(17)} Bg7 {(16)} 7. Nc3 {(5)} O-O {(
03)} 8. Nf3 {(3)} d6 {(21)} 9. Nd2 {(9)} Nbd7 {
(39)} 10. e4 {(19)} Ne8 {(31)} 11. a4 {(
08)} Nc7 {(3)} 12. Be2 {(11)} axb5 {(8)} 13.
axb5 {(7)} Rxa1 {(3)} 14. Qxa1 {(3)} f5 {
(3)} 15. exf5 {(8)} Rxf5 {(8)} 16. Be3 {
(3)} Nb6 {(3)} 17. Qa5 {(11)} Bxc3 {(
10)} 18. Qxb6 {(35)} Bxb2 {(14)} 19. O-O {(6)}
Rf8 {(3)} 20. Qa7 {(12)} Bf5 {(28)} 21. b6 {
(8)} Nxd5 {(3)} 22. Qa2 {(17)} 1-0

[Event "Your Next Move GCT 2017-Blitz"]
[Site "Leuven"]
[Date "2017.07.01"]
[Round "4"]
[White "Giri, Anish"]
[Black "Nepomniachtchi, Ian"]
[Result "1/2-1/2"]
[ECO "D84"]
[WhiteElo "2723"]
[BlackElo "2793"]
[Annotator ""]
[PlyCount "81"]
[EventDate "2017.??.??"]
[EventType "blitz"]
[EventCountry "BEL"]
[SourceTitle "playchess.com"]
[Source "ChessBase"]
[SourceQuality "1"]
[TimeControl "300+3"]

1. d4 {()} Nf6 {(3)} 2. c4 {(3)} g6 {(
03)} 3. Nc3 d5 4. Bf4 {(6)} Bg7 {(6)} 5. e3 {(
03)} O-O {(3)} 6. cxd5 {(3)} Nxd5 {(3)} 7.
Nxd5 {(3)} Qxd5 {(3)} 8. Bxc7 {(3)} Na6 {
(3)} 9. Bxa6 {(3)} Qxg2 {(5)} 10. Qf3 {
(3)} Qxf3 {(3)} 11. Nxf3 {(3)} bxa6 {(
03)} 12. Rc1 {(3)} a5 {(8)} 13. Ne5 {(3)}
a4 {(10)} 14. a3 {(28)} f6 {(9)} 15. Nc6 {
(18)} Bb7 {(14)} 16. O-O {(19)} Kf7 {(
05)} 17. Rc3 {(21)} Rfc8 {(8)} 18. Na5 {(4)}
Bf3 {(45)} 19. Re1 {(4)} e5 {(11)} 20. dxe5 {
(5)} fxe5 {(14)} 21. e4 {(5)} Bg4 {(
22)} 22. Nc4 {(40)} Kg8 {(12)} 23. Bxe5 {(45)}
Bf8 {(33)} 24. Kg2 {(20)} Rc5 {(23)} 25. Ne3 {
(7)} Rxe5 {(31)} 26. Nxg4 {(3)} Rg5 {(
03)} 27. Rg3 {(27)} Rb5 {(3)} 28. Re2 {(15)}
Rab8 {(3)} 29. Nf6+ {(12)} Kg7 {(3)} 30. Nd7 {
(45)} Rxb2 {(3)} 31. Rxb2 {(3)} Rxb2 {(
03)} 32. Nxf8 {(3)} Kxf8 {(3)} 33. Rc3 {(6]
} Rb3 {(20)} 34. Rc7 {(3)} h5 {(9)} 35. Rxa7 {
(3)} Rxa3 {(3)} 36. h4 {(10)} Ra1 {(
05)} 37. Kf3 {(18)} Rh1 {(43)} 38. Kg3 {(4)}
Rg1+ {(3)} 39. Kh3 {(3)} Rh1+ {(3)} 40. Kg3 {
(3)} Rg1+ {(3)} 41. Kh3 {(3)} 1/2-1/2

[Event "Your Next Move GCT 2017-Blitz"]
[Site "Leuven"]
[Date "2017.07.01"]
[Round "4"]
[White "Jobava, Baadur"]
[Black "Aronian, Levon"]
[Result "0-1"]
[ECO "A45"]
[WhiteElo "2734"]
[BlackElo "2786"]
[Annotator ""]
[PlyCount "57"]
[EventDate "2017.??.??"]
[EventType "blitz"]
[EventCountry "BEL"]
[SourceTitle "playchess.com"]
[Source "ChessBase"]
[SourceQuality "1"]
[TimeControl "300+3"]

1. d4 {()} Nf6 {(3)} 2. Bg5 {(3)} d5 {
(4)} 3. Nd2 {(3)} c6 {(10)} 4. e3 {(
03)} Bf5 {(6)} 5. Bxf6 {(6)} exf6 {(22)} 6. g3
{(13)} Nd7 {(16)} 7. Bg2 {(3)} Nb6 {(
07)} 8. Ne2 {(6)} Bd6 {(9)} 9. a4 {(6)} a5 {
(4)} 10. O-O {(4)} O-O {(3)} 11. e4 {(
33)} Bg4 {(19)} 12. Re1 {(8)} Re8 {(3)} 13.
c3 {(6)} Qc7 {(9)} 14. exd5 {(15)} Nxd5 {
(5)} 15. Bf3 {(3)} Be6 {(15)} 16. Nc1 {(
10)} f5 {(25)} 17. Nd3 {(5)} g6 {(5)} 18.
Kg2 {(7)} Nf6 {(11)} 19. Qc2 {(22)} f4 {(
14)} 20. Ne4 {(8)} Nxe4 {(9)} 21. Bxe4 {(3]
} fxg3 {(13)} 22. hxg3 {(3)} Bg4 {(32)} 23. f4 {
(33)} f6 {(19)} 24. Nf2 {(3)} Be6 {(
11)} 25. f5 {(50)} gxf5 {(3)} 26. Bxf5 {(3)}
Bd5+ {(3)} 27. Be4 {(18)} Rxe4 {(18)} 28. Nxe4 {
(1:35)} f5 {(3)} 29. Kh1 0-1

[Event "Your Next Move GCT 2017-Blitz"]
[Site "Leuven"]
[Date "2017.07.01"]
[Round "4"]
[White "So, Wesley"]
[Black "Vachier Lagrave, Maxime"]
[Result "0-1"]
[ECO "D42"]
[WhiteElo "2724"]
[BlackElo "2890"]
[Annotator ""]
[PlyCount "64"]
[EventDate "2017.??.??"]
[EventType "blitz"]
[EventCountry "BEL"]
[SourceTitle "playchess.com"]
[Source "ChessBase"]
[SourceQuality "1"]
[TimeControl "300+3"]

1. Nf3 {()} Nf6 {(3)} 2. c4 {(3)} c5 {
(3)} 3. Nc3 {(3)} Nc6 {(6)} 4. e3 {(
03)} e6 {(4)} 5. d4 {(3)} d5 {(3)} 6. cxd5 {
(3)} Nxd5 {(3)} 7. Bd3 {(7)} Be7 {(
03)} 8. O-O {(4)} O-O {(4)} 9. Nxd5 {(3)} Qxd5
{(3)} 10. e4 {(26)} Qd6 {(10)} 11. dxc5 {
(7)} Qxc5 {(3)} 12. Be3 {(3)} Qa5 {(
09)} 13. a3 {(7)} Ne5 {(33)} 14. b4 {(8)} Nxf3+
{(3)} 15. Qxf3 {(3)} Qe5 {(3)} 16. Bf4 {
(9)} Qd4 {(8)} 17. Rfd1 {(7)} g6 {(
20)} 18. Bf1 {(47)} Qg7 {(11)} 19. Qe3 {(9)} g5
{(5)} 20. Bc7 {(8)} b6 {(10)} 21. Rac1 {
(4)} Bb7 {(1:02)} 22. Rd7 {(3)} Rfe8 {(
03)} 23. Bxb6 {(12)} axb6 {(8)} 24. Rxb7 {(3)}
Bd6 {(8)} 25. Rxb6 {(34)} Bf4 {(3)} 26. Qc3 {
(6)} Bxc1 {(6)} 27. Qxc1 {(3)} Rec8 {(
03)} 28. Qd2 {(1:31)} Rxa3 {(3)} 29. b5 {(3)}
Qe5 {(20)} 30. Rb7 {(16)} Ra1 {(7)} 31. h4 {
(29)} gxh4 {(42)} 32. f4 {(8)} Qc5+ {(
03)} 0-1

[Event "Your Next Move GCT 2017-Blitz"]
[Site "Leuven"]
[Date "2017.07.01"]
[Round "5"]
[White "Aronian, Levon"]
[Black "Giri, Anish"]
[Result "1-0"]
[ECO "D45"]
[WhiteElo "2786"]
[BlackElo "2723"]
[Annotator ""]
[PlyCount "111"]
[EventDate "2017.??.??"]
[EventType "blitz"]
[EventCountry "BEL"]
[SourceTitle "playchess.com"]
[Source "ChessBase"]
[SourceQuality "1"]
[TimeControl "300+3"]

1. d4 {()} Nf6 {(3)} 2. c4 {(3)} e6 {(
03)} 3. Nf3 {(3)} d5 {(3)} 4. Nc3 {(3)} c6
{(3)} 5. e3 {(3)} Nbd7 {(3)} 6. Qc2 {(
03)} Bd6 {(3)} 7. Bd3 {(3)} O-O {(3)} 8.
O-O {(3)} dxc4 {(3)} 9. Bxc4 {(3)} b5 {
(3)} 10. Be2 {(3)} Bb7 {(3)} 11. e4 {(
03)} e5 {(3)} 12. dxe5 {(3)} Nxe5 {(3)} 13.
Nh4 {(3)} Bc8 {(13)} 14. h3 {(12)} Ng6 {(
15)} 15. Nf5 {(6)} Bxf5 {(5)} 16. exf5 {(3]
} Nf4 {(3)} 17. Bf3 {(11)} Rc8 {(14)} 18. Rd1 {
(26)} Qe7 {(6)} 19. Be3 {(5)} Rfd8 {(
16)} 20. Ne4 {(18)} Be5 {(15)} 21. Rxd8+ {(14)}
Rxd8 {(12)} 22. Qxc6 {(11)} Bxb2 {(6)} 23. Rb1 {
(31)} Nd3 {(3)} 24. Nxf6+ {(17)} Bxf6 {(
06)} 25. Qxb5 {(10)} Ne5 {(18)} 26. Be2 {(13)}
h6 {(4)} 27. Rd1 {(18)} Rc8 {(21)} 28. Qa4 {
(23)} Rc7 {(7)} 29. Bf1 {(51)} Bg5 {(
16)} 30. Bxg5 {(14)} hxg5 {(9)} 31. Qe4 {(5)}
Qe8 {(9)} 32. a4 {(18)} Re7 {(3)} 33. Bb5 {
(4)} Qc8 {(3)} 34. Qb4 {(7)} Rc7 {(
13)} 35. Qd2 {(5)} f6 {(12)} 36. Qd8+ {(9)}
Qxd8 37. Rxd8+ {(5)} Kf7 {(7)} 38. Kh2 {(9)}
Ke7 {(3)} 39. Re8+ {(15)} Kd6 {(3)} 40. Kg3 {
(4)} Kd5 {(8)} 41. f3 {(6)} Kc5 {(
09)} 42. h4 {(3)} gxh4+ {(6)} 43. Kxh4 {(3)}
Nc4 {(3)} 44. Bxc4 {(7)} Kxc4 {(3)} 45. Kh5 {
(4)} Kb3 {(33)} 46. a5 {(3)} Rc5 {(
09)} 47. Kg6 {(3)} Rxa5 {(3)} 48. Re7 {(3)}
Ra2 {(26)} 49. g4 {(3)} a5 {(3)} 50. Kxg7 {
(3)} Rf2 {(4)} 51. Kxf6 {(3)} Rxf3 {(
03)} 52. g5 {(3)} a4 {(3)} 53. g6 {(3)} a3
{(3)} 54. g7 {(3)} Rg3 {(3)} 55. Kf7 {(
03)} a2 {(3)} 56. Ra7 {(3)} 1-0

[Event "Your Next Move GCT 2017-Blitz"]
[Site "Leuven"]
[Date "2017.07.01"]
[Round "5"]
[White "Ivanchuk, Vassily"]
[Black "So, Wesley"]
[Result "1/2-1/2"]
[ECO "E54"]
[WhiteElo "2768"]
[BlackElo "2724"]
[Annotator ""]
[PlyCount "71"]
[EventDate "2017.??.??"]
[EventType "blitz"]
[EventCountry "BEL"]
[SourceTitle "playchess.com"]
[Source "ChessBase"]
[SourceQuality "1"]
[TimeControl "300+3"]

1. d4 {()} Nf6 {(3)} 2. c4 {(3)} e6 {(
03)} 3. Nf3 {(3)} d5 {(3)} 4. Nc3 {(3)} Bb4
{(3)} 5. e3 {(3)} O-O {(3)} 6. Bd3 {(
03)} dxc4 {(3)} 7. Bxc4 {(3)} c5 {(3)} 8.
O-O {(3)} cxd4 {(3)} 9. exd4 {(3)} b6 {
(3)} 10. Qe2 {(7)} Bb7 {(3)} 11. Rd1 {(
03)} Nbd7 {(3)} 12. d5 {(3)} Bxc3 {(3)} 13.
dxe6 {(3)} Bxf3 {(4)} 14. gxf3 {(3)} fxe6 {
(3)} 15. bxc3 {(4)} Qc7 {(11)} 16. Bxe6+ {
(22)} Kh8 {(3)} 17. Qc4 {(3)} Qb7 {(
25)} 18. Bxd7 {(6)} Nxd7 {(15)} 19. Qd5 {(3)}
Qxd5 {(3)} 20. Rxd5 {(3)} Nc5 {(30)} 21. Ba3 {
(3)} Rxf3 {(7)} 22. Bxc5 {(3)} bxc5 {(
03)} 23. Rxc5 {(3)} Raf8 {(3)} 24. Rc7 {(24]
} Rxf2 {(9)} 25. Rxa7 {(3)} Rc2 {(17)} 26. Rf1
{(11)} Rxf1+ {(14)} 27. Kxf1 {(3)} Kg8 {(
03)} 28. Kg1 {(4)} Rxc3 {(3)} 29. Ra8+ {(19]
} Kf7 {(3)} 30. Ra7+ {(3)} Kg6 {(3)} 31. Ra6+
{(3)} Kh5 {(3)} 32. Ra7 {(3)} h6 {(
10)} 33. Rxg7 {(5)} Rc1+ {(3)} 34. Kg2 {(3)}
Rc2+ {(3)} 35. Kh3 {(3)} Rxa2 {(3)} 36. Rg2
1/2-1/2

[Event "Your Next Move GCT 2017-Blitz"]
[Site "Leuven"]
[Date "2017.07.01"]
[Round "5"]
[White "Kramnik, Vladimir"]
[Black "Jobava, Baadur"]
[Result "1-0"]
[ECO "A06"]
[WhiteElo "2760"]
[BlackElo "2734"]
[Annotator ""]
[PlyCount "131"]
[EventDate "2017.??.??"]
[EventType "blitz"]
[EventCountry "BEL"]
[SourceTitle "playchess.com"]
[Source "ChessBase"]
[SourceQuality "1"]
[TimeControl "300+3"]

1. Nf3 {()} d5 {(3)} 2. g3 {(3)} c6 {(
03)} 3. Bg2 {(3)} Bg4 {(5)} 4. O-O {(3)} e6
{(3)} 5. d3 {(3)} Bd6 {(5)} 6. h3 {(
03)} Bh5 {(4)} 7. c4 {(3)} Ne7 {(8)} 8. Nc3 {
(9)} O-O {(6)} 9. Qb3 {(3)} Nd7 {(
09)} 10. d4 {(15)} Qb6 {(48)} 11. Rd1 {(20)} Qxb3
{(11)} 12. axb3 {(3)} Bxf3 {(8)} 13. Bxf3 {
(3)} f5 {(3)} 14. e3 {(9)} a6 {(3)}
15. Bd2 {(4)} Nf6 {(4)} 16. Be1 {(7)} g5 {
(3)} 17. Be2 {(10)} h5 {(4)} 18. f3 {(
15)} g4 {(9)} 19. hxg4 {(17)} hxg4 {(3)} 20.
fxg4 {(7)} fxg4 {(10)} 21. Kg2 {(36)} Nf5 {
(6)} 22. Bf2 {(3)} Kg7 23. Rh1 {(5)} Rh8 {
(14)} 24. Bd3 {(5)} Rxh1 {(22)} 25. Rxh1 {
(3)} Bb4 {(33)} 26. Ne2 {(19)} Ne4 {(
41)} 27. Nf4 {(10)} Re8 {(3)} 28. Rh5 {(25)} Bd6
{(7)} 29. Bxe4 {(16)} dxe4 {(3)} 30. Nxe6+ {
(3)} Kg6 {(18)} 31. Rg5+ {(3)} Kh6 {(
16)} 32. Rxf5 {(17)} Rxe6 {(3)} 33. Rf7 {(3)}
Be7 {(8)} 34. d5 {(5)} cxd5 {(5)} 35. cxd5 {
(3)} Re5 {(3)} 36. d6 {(3)} Bg5 {(
12)} 37. Rxb7 {(15)} Rd5 {(3)} 38. d7 {(12)} Kg6
{(3)} 39. Kf1 {(14)} Kf5 {(3)} 40. Ke2 {
(13)} Ke6 {(3)} 41. Rb4 {(3)} Kf5 {(
07)} 42. Rb7 {(37)} Ke6 {(3)} 43. Ra7 {(6)}
Rxd7 {(14)} 44. Rxa6+ {(3)} Rd6 {(9)} 45. Ra4 {
(4)} Rb6 {(5)} 46. Be1 {(9)} Rxb3 {(
03)} 47. Bc3 {(3)} Kf5 48. Ra5+ Kg6 {(12)} 49. Re5 {
(6)} Rb7 {(25)} 50. Rxe4 {(3)} Kh5 {(
06)} 51. b4 {(10)} Rc7 {(3)} 52. Kd3 {(3)} Rd7+
{(4)} 53. Rd4 {(6)} Rf7 {(3)} 54. Re4 {
(8)} Rf3 {(3)} 55. Be5 {(3)} Rf1 {(
06)} 56. b5 {(3)} Rb1 {(3)} 57. Kc4 {(3)} Bd8
{(5)} 58. Rd4 {(6)} Bb6 {(3)} 59. Rd5 {
(3)} Rc1+ {(3)} 60. Kd3 {(3)} Kg6 {(
03)} 61. Bd4 {(3)} Bxd4 {(3)} 62. Rxd4 {(3)}
Kf5 {(3)} 63. Rb4 {(3)} Rd1+ {(4)} 64. Ke2 {
(3)} Rd7 {(3)} 65. b6 Rb7 {(3)} 66. Kd3 {
(6)} 1-0

[Event "Your Next Move GCT 2017-Blitz"]
[Site "Leuven"]
[Date "2017.07.01"]
[Round "6"]
[White "Anand, Viswanathan"]
[Black "Ivanchuk, Vassily"]
[Result "1/2-1/2"]
[ECO "C50"]
[WhiteElo "2766"]
[BlackElo "2768"]
[Annotator ""]
[PlyCount "63"]
[EventDate "2017.??.??"]
[EventType "blitz"]
[EventCountry "BEL"]
[SourceTitle "playchess.com"]
[Source "ChessBase"]
[SourceQuality "1"]
[TimeControl "300+3"]

1. e4 {()} e5 {(3)} 2. Nf3 Nc6 3. Bc4 {(6)}
d6 {(6)} 4. O-O {(3)} Be7 {(14)} 5. d4 {
(9)} Nf6 {(4)} 6. d5 {(3)} Nb8 {(3]
} 7. Bd3 {(3)} Nbd7 {(3)} 8. c4 {(3)} Nc5 {
(3)} 9. Nc3 {(3)} Nxd3 {(3)} 10. Qxd3 {
(3)} O-O {(5)} 11. Nd2 {(32)} Nh5 {(
06)} 12. g3 {(4)} g6 {(15)} 13. b4 {(9)} f5 {
(11)} 14. Ba3 {(10)} Bg5 {(20)} 15. c5 {(
03)} Bxd2 {(4)} 16. Qxd2 {(3)} fxe4 {(3)}
17. Nxe4 {(8)} Nf6 {(6)} 18. Nxf6+ {(8)} Qxf6
{(3)} 19. f4 {(6)} Bh3 {(3)} 20. Rf2 {(
03)} g5 {(1:20)} 21. f5 {(26)} h5 {(34)} 22. Bc1
{(10)} Bxf5 {(26)} 23. Qxg5+ {(4)} Qxg5 {
(3)} 24. Bxg5 {(3)} Rae8 {(28)} 25. Raf1 {
(4)} Be4 {(18)} 26. Rxf8+ {(3)} Rxf8 {(
03)} 27. Rxf8+ {(16)} Kxf8 {(17)} 28. Bd8 {(
03)} dxc5 {(6)} 29. bxc5 {(5)} Bxd5 {(3)} 30.
a3 {(4)} c6 {(11)} 31. Bc7 {(3)} e4 {(
03)} 32. Kf2 {(4)} 1/2-1/2

[Event "Your Next Move GCT 2017-Blitz"]
[Site "Leuven"]
[Date "2017.07.01"]
[Round "6"]
[White "Carlsen, Magnus"]
[Black "Aronian, Levon"]
[Result "1-0"]
[ECO "A45"]
[WhiteElo "2899"]
[BlackElo "2786"]
[Annotator ""]
[PlyCount "119"]
[EventDate "2017.??.??"]
[EventType "blitz"]
[EventCountry "BEL"]
[SourceTitle "playchess.com"]
[Source "ChessBase"]
[SourceQuality "1"]
[TimeControl "300+3"]

1. d4 {()} Nf6 {(3)} 2. Bf4 {(3)} c5 {
(3)} 3. d5 {(3)} d6 {(3)} 4. Nc3 {(
03)} e5 {(3)} 5. Bd2 {(3)} Be7 {(11)} 6. e4 {
(3)} O-O {(6)} 7. Be2 {(9)} Nbd7 {(
03)} 8. Nf3 {(3)} Ne8 {(5)} 9. a4 {(23)} g6 {
(6)} 10. Bh6 {(3)} Ng7 {(3)} 11. Nd2 {(
03)} Kh8 {(5)} 12. h4 {(30)} Nf6 {(40)} 13.
h5 {(3)} Nfxh5 {(21)} 14. Bxh5 {(16)} Nxh5 {
(3)} 15. Bxf8 {(23)} Qxf8 {(3)} 16. g3 {
(3)} Nf6 {(32)} 17. Qe2 {(3)} Kg7 {(
14)} 18. Nc4 {(5)} b6 {(30)} 19. a5 {(16)} Ba6 {
(19)} 20. axb6 {(3)} axb6 {(3)} 21. O-O {
(3)} h5 {(32)} 22. Rxa6 {(8)} Rxa6 {(
03)} 23. Nxd6 {(3)} Ra8 {(20)} 24. Nc4 {(3)}
Qb8 {(24)} 25. Rd1 {(4)} b5 {(11)} 26. d6 {
(5)} bxc4 {(19)} 27. dxe7 {(3)} Qc7 {(
15)} 28. Qxc4 {(1:21)} Qxe7 {(3)} 29. Nd5 {(5]
} Nxd5 {(24)} 30. Rxd5 {(39)} Qf6 {(5)} 31. Qc3
{(5)} h4 {(12)} 32. Qxe5 {(42)} hxg3 {(
03)} 33. fxg3 {(3)} Ra2 {(3)} 34. Qxf6+ {(
04)} Kxf6 {(3)} 35. Rxc5 Rxb2 {(3)} 36. Kf2 {(
06)} Ke6 {(3)} 37. Ke3 {(3)} f5 {(3)} 38. Kd4
{(10)} fxe4 {(4)} 39. Kxe4 {(3)} Rb4+ {(
03)} 40. c4 {(3)} Rb3 {(5)} 41. g4 {(3)}
Rg3 {(3)} 42. Rc6+ {(3)} Kf7 {(3)} 43. Kf4 {
(3)} Ra3 {(6)} 44. Kg5 {(3)} Ra5+ {(
03)} 45. c5 {(3)} Ra4 {(3)} 46. Rf6+ {(3)} Ke7
{(3)} 47. Rxg6 {(3)} Rc4 {(3)} 48. Rc6 {
(3)} Kd7 {(3)} 49. Rd6+ {(3)} Ke7 {(
03)} 50. Rd5 {(3)} Ke6 {(3)} 51. Rf5 {(3)} Ke7
{(3)} 52. Kh4 {(3)} Ke6 {(3)} 53. Kh5 {
(3)} Rd4 {(3)} 54. Rf1 {(4)} Rd5+ {(
03)} 55. g5 {(3)} Rxc5 {(3)} 56. Kh6 {(3)} Rc2
{(3)} 57. g6 {(3)} Rh2+ {(3)} 58. Kg7 {
(3)} Rg2 {(3)} 59. Kh7 {(3)} Rh2+ {(
03)} 60. Kg8 {(3)} 1-0

[Event "Your Next Move GCT 2017-Blitz"]
[Site "Leuven"]
[Date "2017.07.01"]
[Round "6"]
[White "Jobava, Baadur"]
[Black "Giri, Anish"]
[Result "0-1"]
[ECO "A45"]
[WhiteElo "2734"]
[BlackElo "2723"]
[Annotator ""]
[PlyCount "72"]
[EventDate "2017.??.??"]
[EventType "blitz"]
[EventCountry "BEL"]
[SourceTitle "playchess.com"]
[Source "ChessBase"]
[SourceQuality "1"]
[TimeControl "300+3"]

1. d4 {()} Nf6 {(3)} 2. Bg5 {(3)} d5 {
(3)} 3. Nd2 {(3)} c5 {(3)} 4. dxc5 {(
03)} e6 {(17)} 5. e4 {(3)} Be7 {(6)} 6. Qe2
{(1:04)} Nxe4 {(39)} 7. Bxe7 {(4)} Qxe7 {(
03)} 8. Nxe4 {(4)} dxe4 {(3)} 9. Qe3 {(7)}
O-O {(9)} 10. O-O-O {(12)} Nd7 {(3)} 11. c6 {
(1:04)} Nf6 {(3)} 12. Bb5 {(20)} a6 {(
11)} 13. Be2 {(3)} bxc6 {(4)} 14. Nh3 {(20)}
Rb8 {(3)} 15. Rd2 {(23)} e5 {(5)} 16. c4 {
(10)} Qb4 {(21)} 17. Rhd1 {(7)} Be6 {(
03)} 18. Rc2 {(32)} h6 {(3)} 19. Qc3 {(7)} Qc5
{(10)} 20. Qe3 {(4)} Qa5 {(33)} 21. Kb1 {
(3)} Rfd8 {(3)} 22. Rcd2 {(8)} Rxd2 {(
04)} 23. Qxd2 {(3)} Qb6 {(10)} 24. Bf1 {(11)}
e3 {(17)} 25. fxe3 {(8)} Ne4 {(5)} 26. Qc2 {
(3)} Qxe3 {(11)} 27. Ka1 {(7)} Bg4 {(
11)} 28. Rc1 {(11)} Rd8 {(3)} 29. c5 {(11)} Be6
{(25)} 30. Bxa6 {(10)} Rd2 {(18)} 31. Qb1 {
(7)} Nxc5 {(12)} 32. Bc4 {(5)} Bxc4 {(
16)} 33. Rxc4 {(3)} Nd3 {(5)} 34. Rc2 {(8)}
e4 {(17)} 35. a3 {(9)} c5 {(7)} 36. Rxd2 Qxd2
0-1

[Event "Your Next Move GCT 2017-Blitz"]
[Site "Leuven"]
[Date "2017.07.01"]
[Round "6"]
[White "Kramnik, Vladimir"]
[Black "Vachier Lagrave, Maxime"]
[Result "1-0"]
[ECO "A48"]
[WhiteElo "2760"]
[BlackElo "2890"]
[Annotator ""]
[PlyCount "85"]
[EventDate "2017.??.??"]
[EventType "blitz"]
[EventCountry "BEL"]
[SourceTitle "playchess.com"]
[Source "ChessBase"]
[SourceQuality "1"]
[TimeControl "300+3"]

1. d4 {()} Nf6 {(3)} 2. Nf3 {(3)} g6 {
(3)} 3. Bg5 {(3)} Bg7 {(3)} 4. Nbd2 {(
03)} O-O {(3)} 5. e3 {(3)} b6 {(3)} 6. Bd3
{(3)} Bb7 {(3)} 7. O-O {(3)} c5 {(
03)} 8. c3 {(3)} d5 {(3)} 9. h3 {(4)} Nc6 {
(9)} 10. Qe2 {(4)} Re8 {(6)} 11. dxc5 {
(21)} bxc5 {(3)} 12. e4 {(3)} h6 {(
14)} 13. Bh4 {(21)} g5 {(3)} 14. Bg3 {(4)} e6 {
(7)} 15. Rfe1 {(14)} Qb6 {(22)} 16. Rab1 {
(30)} Rad8 {(4)} 17. Bh2 {(5)} a5 {(
23)} 18. a4 {(24)} c4 {(9)} 19. Bc2 {(3)} Ba6 {
(3)} 20. Ne5 {(33)} Nxe4 {(1:13)} 21. Nxc6 {
(33)} Qxc6 {(3)} 22. Nxe4 {(3)} dxe4 {(
03)} 23. Bxe4 {(11)} Qxa4 {(10)} 24. Ra1 {(3]
} Qb5 {(8)} 25. Bc7 {(3)} Rc8 {(15)} 26. Rxa5 {
(4)} Qd7 {(5)} 27. Be5 {(20)} Bxe5 {(
16)} 28. Rxe5 {(3)} Qc7 {(8)} 29. Qh5 {(7)}
Kg7 {(3)} 30. Bc2 {(23)} Qb6 {(20)} 31. h4 {
(14)} Qxb2 {(3)} 32. hxg5 {(23)} Qxc2 {(
03)} 33. Qxh6+ {(3)} Kg8 {(3)} 34. R1e4 {(
03)} Qd1+ {(40)} 35. Kh2 {(3)} Qd6 {(3)} 36. g6
{(5)} Rc7 {(3)} 37. g7 {(21)} f5 {(
25)} 38. Qh8+ {(3)} Kf7 {(3)} 39. Qxe8+ {(3)}
Kxg7 {(9)} 40. Re3 {(4)} Rc8 {(11)} 41. Qxe6 {
(13)} Qxe6 {(10)} 42. Rxe6 {(3)} Bb5 43. R6e5 {
(3)} 1-0